 Dungeon Crawl Stone Soup version 0.27-a0-1281-ge233d83751 (webtiles) character file.

Game seed: 3001509168833307605

137 sanka the Magician (level 5, 0/39 HPs)
             Began as a Djinni Summoner on June 13, 2021.
             Slain by a jackal (2 damage)
             ... on level 3 of the Dungeon.
             The game lasted 00:04:57 (3259 turns).

sanka the Magician (Djinni Summoner)                Turns: 3259, Time: 00:04:57

Health: 0/39       AC:  2    Str:  7    XL:     5   Next: 43%
Gold:   105        EV: 13    Int: 17    God:
                   SH:  0    Dex: 14

rFire    + + .     SeeInvis .   a - +2 whip (drain)
rCold    x . .     Faith    .   (no shield)
rNeg     . . .     Spirit   .   f - +0 robe
rPois    ∞         Reflect  .   (no helmet)
rElec    .         Harm     .   (no cloak)
rCorr    .         Rampage  .   (no gloves)
Will     .....                  (boots unavailable)
Stlth    ++........             (no amulet)
HPRegen  0.13/turn              (no ring)
MPRegen  0.00/turn              (no ring)

@: flying
A: sickness immunity, fire resistance 2, cold vulnerability 1, float, innate
caster, hp casting, extra vitality 1
a: no special abilities


You were on level 3 of the Dungeon.
You visited 1 branch of the dungeon, and saw 3 of its levels.

You collected 105 gold pieces.


Innate Abilities, Weirdness & Mutations

You are immune to sickness and miasma.
You are immune to poison.
Your flesh is very heat resistant. (rF++)
You are vulnerable to cold. (rC-)
You float through the air rather than walking.
You learn spells naturally, not from books.
Your magical power is your life essence.
You have superior vitality. (+4 HP)


   Skills:
 + Level 2.4 Fighting
 + Level 3.6 Dodging
 - Level 1.5 Stealth
 - Level 4.0 Spellcasting


You couldn't memorise any spells.
You knew the following spells:

 Your Spells              Type           Power      Damage    Failure   Level
c - Call Canine Familiar  Summ           17%        N/A       9%          3
u - Poisonous Vapours     Pois/Air       34%        N/A       4%          2
v - Summon Ice Beast      Ice/Summ       17%        N/A       30%         4
x - Call Imp              Summ           17%        N/A       4%          2
y - Beastly Appendage     Tmut           34%        N/A       3%          1
z - Summon Small Mammal   Summ           68%        N/A       3%          1
X - Summon Lightning Spi  Summ/Air       17%        N/A       30%         4
Z - Summon Guardian Gole  Hex/Summ       17%        N/A       9%          3
Your spell library was empty.

Inventory:

Hand Weapons
 a - a +2 whip of draining (weapon)
 b - a +0 flail
Missiles
 d - 7 poisoned darts
 k - 4 javelins
Armour
 f - a +0 robe (worn)
Scrolls
 e - 5 scrolls of identify {unknown}
 g - 2 scrolls of teleportation {unknown}
 h - a scroll of holy word {unknown}
 i - a scroll of noise {unknown}
Potions
 c - a potion of degeneration {unknown}
 j - 2 potions of flight {unknown}
 l - 2 potions of haste {unknown}
 m - a potion of curing {unknown}
 n - a potion of might {unknown}

Dungeon Overview and Level Annotations

Branches:
Dungeon (3/15)

Altars:

▒...(▒▒.▒▒▒▒ ▒▒▒▒▒▒▒▒▒
▒▒▒▒▒▒▒........... ▒.......▒
▒.▒.▒.....▒▒▒.▒▒▒▒
▒....)..▒▒▒▒▒▒▒.▒.▒....▒▒ ▒..▒ ▒
.▒.......▒.......▒.▒....▒ ▒▒.▒▒▒
.▒.......▒.▒▒▒.▒.▒.▒....▒▒ ▒....
.▒.......▒.▒▒▒.....▒▒....▒ ▒▒....
▒........5...)..▒▒▒▒▒▒▒▒.▒▒▒.....
▒.......▒▒5)g..hR..........▒.▒..▒
▒...5...▒▒..)...▒▒▒▒▒........▒▒.▒
▒.......▒▒...÷..▒ ▒.......▒▒▒..
▒..5....▒▒......▒ ▒....▒...▒▒..
▒.▒▒▒▒▒▒▒▒......▒ ▒....▒...▒▒..
▒.▒ ▒......▒ ▒....▒...▒▒.. ▒.▒
........▒ ▒...▒▒...▒▒.. ..▒
.........▒ ▒..▒▒.....▒▒. ▒▒▒
.......▒▒▒ ▒..▒.......▒.


You could see a gnoll, a jackal and 2 friendly crimson imps.


Message History

Your white imp gestures at the gnoll.
The puff of frost hits the gnoll!
The gnoll dies!
Unknown command.
The gnoll hits your white imp with a +0 spear.
Your white imp hits the gnoll.
Your white imp freezes the gnoll.
The gnoll hits your white imp with a +0 spear.
Your white imp dies!
A jackal comes into view.
Your crimson imp hits the gnoll but does no damage.
Your crimson imp hits the gnoll.
The gnoll hits your crimson imp with a +0 spear.
Your crimson imp barely misses the gnoll.
Your crimson imp hits the gnoll but does no damage.
Your crimson imp barely misses the gnoll.
The gnoll barely misses you.
Your crimson imp hits the gnoll.
You see here a frilled lizard corpse.
* * * LOW HITPOINT WARNING * * *
The gnoll hits you from afar with a +0 halberd.
* * * LOW HITPOINT WARNING * * *
The jackal bites your hound.
Your hound barely misses the gnoll.
Your hound bites the gnoll.
The gnoll hits your hound with a +0 halberd!
Your hound dies!
You see here a +0 whip.
The jackal bites you.
You die...

Action                   |  1- 3 |  4- 6 || total
-------------------------+-------+-------++-------
Melee: Hand axe          |    13 |       ||    13
       Whip              |    75 |    81 ||   156
 Cast: Call Imp          |     2 |     8 ||    10
       Call Canine Famil |       |     1 ||     1
 Stab: Sleeping          |     4 |     5 ||     9
       Distracted        |       |     1 ||     1
Armor: Robe              |    23 |    11 ||    34
Dodge: Dodged            |    61 |    59 ||   120

Levels and vault maps discovered:
D:1:      dpeg_arrival_pits, layout_basic,
          shapermc_ecumenical_altar_mp_urbaneastern
D:2:      layout_basic, wad_orctagon
D:3:      layout_basic, lemuel_coloured_pillars_altar, minivault_23,
          nicolae_underground_beach

Notes
Turn   | Place    | Note
-------+----------+-------------------------------------------
     0 | D:1      | sanka the Djinni Summoner began the quest for the Orb.
     0 | D:1      | Reached XP level 1. HP: 15/15 MP: 0/0
    43 | D:1      | Found a faded altar of an unknown god.
   451 | D:1      | Reached XP level 2. HP: 16/21 MP: 0/0
  1148 | D:1      | Reached XP level 3. HP: 25/26 MP: 0/0
  1148 | D:1      | Learned a level 1 spell: Beastly Appendage
  1439 | D:2      | Reached skill level 1 in Fighting
  1604 | D:2      | Reached XP level 4. HP: 23/32 MP: 0/0
  1952 | D:2      | Reached skill level 3 in Dodging
  2661 | D:2      | Reached skill level 4 in Spellcasting
  3025 | D:3      | Reached skill level 2 in Fighting
  3025 | D:3      | Reached XP level 5. HP: 31/38 MP: 0/0
  3025 | D:3      | Learned a level 2 spell: Poisonous Vapours
  3234 | D:3      | HP: 3/39 [gnoll (6)]
  3252 | D:3      | HP: 1/39 [gnoll (2)]
  3259 | D:3      | Slain by a jackal

Vanquished Creatures
  A gnoll (D:3)
  3 adders (D:2)
  A worm (D:2)
  4 dart slugs
  4 orcs (D:2)
  8 bats
  2 goblins
  7 hobgoblins
  2 jackals (D:2)
  6 quokkas
  9 ball pythons
  3 frilled lizards
  2 kobolds (D:1)
  2 rats
54 creatures vanquished.

Vanquished Creatures (collateral kills)
  4 gnolls (D:3)
  A hobgoblin (D:1)
5 creatures vanquished.

Grand Total: 59 creatures vanquished
